cohdb
Replays
Latest Replays
All Replays
Popular Replays
Top Player Replays
Match Explorer
How It Works
Community
CoH3 Stats
Reddit
Sign in to upload your games and track your stats! →
Sign in with Steam
Match 23634216
Unlisted
Match 23634216
Overview
Messages
Build Orders
End
Engineer Squad
Construct Barracks
1⁄4-ton 4x4 Truck
Riflemen Squad
Riflemen Squad
M1 Mortar Team
Construct Medical Station
Grenade Package
Riflemen Squad
Mechanized Support Center
Construct Motor Pool
M8 Greyhound Armored Car
M24 Chaffee Light Tank
M8 Greyhound Armored Car
Engineer Squad
M24 Chaffee Light Tank
M8 Greyhound Armored Car
Riflemen Squad
Riflemen Squad
Construct Tank Depot
iGseef
LS gaming
iceman
UH|ck
0
0
Comments
sign in to comment!
No comments posted yet!